 Dungeon Crawl Stone Soup version 0.28.0-45-g0d030f2227 (webtiles) character file.

Game seed: 14185148551336183253

777 terff the Cudgeller (level 7, -5/61 HPs)
             Began as a Hill Orc Monk on Apr 3, 2022.
             Killed from afar by a ynoxinul (24 damage)
             ... with an iron shot
             ... on level 1 of the Abyss.
             The game lasted 00:09:59 (6544 turns).

terff the Cudgeller (Hill Orc Monk)                 Turns: 6544, Time: 00:10:01

Health: -5/61      AC:  9    Str: 12    XL:     7   Next: 84%
Magic:  7/7        EV:  6    Int:  8    God:
Gold:   125        SH:  0    Dex: 13    Spells: 6/6 levels left

rFire   . . .      SeeInvis .   c - +2 mace (vorpal)
rCold   + . .      Faith    .   (no shield)
rNeg    . . .      Spirit   .   g - +0 chain mail
rPois   +          Reflect  .   (helmet restricted)
rElec   .          Harm     .   (no cloak)
rCorr   .          Rampage  .   (no gloves)
Will    +....                   (no boots)
Stlth   ..........              (no amulet)
HPRegen 0.20/turn               m - ring of poison resistance
MPRegen 0.10/turn               n - ring of willpower

@: about to teleport
A: horns 1, cold resistance 1, dopey 1, weak 2
a: no special abilities


You were on level 1 of the Abyss.
You visited 1 branch of the dungeon, and saw 5 of its levels.
You visited the Abyss 1 time.

You collected 125 gold pieces.

Inventory:

Hand Weapons
 a - a +0 hand axe
 c - a +2 vorpal mace (weapon)
 s - a +2 halberd of distortion
Missiles
 d - a throwing net (quivered)
Armour
 b - a +0 robe
 g - a +0 chain mail (worn)
 h - a +0 helmet
Jewellery
 f - a ring of fire
 m - a ring of poison resistance (left hand)
 n - a ring of willpower (right hand)
Wands
 k - a wand of iceblast (10)
 p - a wand of flame (11)
Potions
 e - a potion of degeneration
 i - 3 potions of attraction
 j - a potion of invisibility
 q - a potion of berserk rage {unknown}


   Skills:
 + Level 5.4 Fighting
 + Level 4.3(6.4) Axes
 + Level 6.0(6.5) Maces & Flails
 + Level 4.2 Armour
 + Level 3.2 Dodging
 + Level 2.0 Stealth


You had 6 spell levels left.
You didn't know any spells.
Your spell library was empty.

Dungeon Overview and Level Annotations

Branches:
Dungeon (5/15)
 Temple: D:4-7

Altars:

Shops:
D:1 !   D:4 (


Innate Abilities, Weirdness & Mutations

You have a pair of small horns on your head.
Your flesh is cold resistant. (rC+)
You are dopey. (Int -2)
You are very weak. (Str -4)


Message History

The neqoxec is moderately wounded.
The neqoxec hits you!
You hit the neqoxec.
The neqoxec is moderately wounded.
The neqoxec hits you!
The ynoxinul gestures.
You barely miss the neqoxec.
The neqoxec is moderately wounded.
The neqoxec hits you.
* * * LOW HITPOINT WARNING * * *
You hit the neqoxec. Your headbutt misses the neqoxec.
The neqoxec is heavily wounded.
The neqoxec hits you but does no damage. x2
As you read the scroll of teleportation, it crumbles to dust.
You feel strangely unstable.
You feel the power of the Abyss delaying your translocation!
The ufetubus hits you.
* * * LOW HITPOINT WARNING * * *
The ufetubus hits you but does no damage.
The neqoxec hits you!
* * * LOW HITPOINT WARNING * * *
You feel much better.
The ufetubus hits you but does no damage.
The ufetubus barely misses you. The neqoxec hits you.
The ufetubus hits you but does no damage. x2
The ufetubus barely misses you.
The ufetubus hits you but does no damage.
The ynoxinul gestures.
The ufetubus hits you but does no damage.
The ufetubus hits you.
A wraith comes into view.
You closely miss the ufetubus. The ufetubus barely misses you. x2
The ufetubus hits you. x2
You thump the ufetubus!
You kill the ufetubus!
The ufetubus disappears in a puff of smoke!
The ufetubus hits you but does no damage. x2
The ynoxinul gestures at you. The iron shot hits you!!
You die...

. ## ##.# . . .. . .
#.## # # ##.#####. #
... #.##..##.. # #
.# #.##5.##..## # ..
#.355.............
#@355....... . ..
#§##..##..##. ##..
#..##..##..##..##.
........... . .. .
§..................
§.##..##..##..##..##
. .. #..##..##.. #
.##.. .. .... .. ...
...


You could see a neqoxec, a ynoxinul and 5 ufetubi.

Vanquished Creatures
  Grinder (D:4)
  A small abomination (Abyss:1)
  A gnoll sergeant (D:4)
  A scorpion (D:4)
  A howler monkey (D:4)
  2 orc priests
  A bullfrog skeleton (D:5)
  An iguana (D:4)
  Jessica (D:2)
  Ijyb (D:3)
  A hound skeleton (D:4)
  6 gnolls
  9 adders
  An ufetubus (D:4)
  2 worms
  A dart slug (D:3)
  12 orcs
  6 endoplasms
  7 giant cockroaches
  5 goblins
  7 hobgoblins
  7 kobolds
  5 quokkas
  3 training dummies (D:4)
  7 ball pythons
  3 bats
  5 frilled lizards
  2 rats (D:2)
100 creatures vanquished.

Notes
Turn   | Place    | Note
-------+----------+-------------------------------------------
     0 | D:1      | terff the Hill Orc Monk began the quest for the Orb.
     0 | D:1      | Reached XP level 1. HP: 19/19 MP: 1/1
   119 | D:1      | Found Getraigiza's Distillery.
   574 | D:1      | Reached XP level 2. HP: 21/27 MP: 2/2
  1346 | D:2      | Reached skill level 1 in Maces & Flails
  1346 | D:2      | Reached XP level 3. HP: 16/33 MP: 3/3
  1826 | D:2      | Reached skill level 2 in Maces & Flails
  1826 | D:2      | Reached XP level 4. HP: 36/40 MP: 4/4
  1874 | D:2      | Noticed Jessica
  1881 | D:2      | Killed Jessica
  2197 | D:2      | Reached skill level 1 in Armour
  2490 | D:3      | Reached XP level 5. HP: 47/47 MP: 5/5
  2548 | D:3      | Reached skill level 3 in Maces & Flails
  2568 | D:3      | HP: 2/47 [dart slug (3)]
  2906 | D:3      | Noticed Ijyb
  2930 | D:3      | Killed Ijyb
  3815 | D:4      | Reached skill level 4 in Maces & Flails
  3815 | D:4      | Reached XP level 6. HP: 11/55 MP: 6/6
  4197 | D:4      | Reached skill level 5 in Fighting
  4304 | D:4      | Found Cuompeatuo's Firing Range.
  4968 | D:4      | Reached skill level 5 in Maces & Flails
  5111 | D:4      | Gained mutation: You are weak. (Str -2) [potion of
                  | mutation]
  5111 | D:4      | Gained mutation: You are very weak. (Str -4) [potion of
                  | mutation]
  5111 | D:4      | Gained mutation: Your flesh is cold resistant. (rC+)
                  | [potion of mutation]
  5111 | D:4      | Gained mutation: You have a pair of small horns on your
                  | head. [potion of mutation]
  5280 | D:4      | Noticed Grinder
  5294 | D:4      | Killed Grinder
  5295 | D:4      | Reached XP level 7. HP: 38/61 MP: 7/7
  5608 | D:5      | Entered Level 5 of the Dungeon
  6214 | D:4      | Reached skill level 6 in Maces & Flails
  6469 | D:4      | Cast into level 1 of the Abyss (unwielding a weapon of
                  | distortion)
  6495 | Abyss:1  | Noticed a small abomination
  6509 | Abyss:1  | Killed a small abomination
  6518 | Abyss:1  | Noticed a neqoxec
  6525 | Abyss:1  | Gained mutation: You are dopey. (Int -2) [a neqoxec]
  6533 | Abyss:1  | Noticed a ynoxinul
  6542 | Abyss:1  | Noticed a wraith
  6544 | Abyss:1  | Killed from afar by a ynoxinul

Illustrated notes

Levels and vault maps discovered:
D:1:      wheals_arrival_shading, layout_loops_ring, serial_shops,
          nicolae_shop_behind_doors
D:2:      layout_basic, chequers_avenue, minmay_vboxes, uniq_jessica
D:3:      layout_basic, uniq_ijyb
D:4:      layout_gridville, nicolae_shop_firing_range, uniq_grinder
D:5:      layout_gridville
Abyss:1:  base:
D:1

Skill      XL: |  1  2  3  4  5  6  7 |
---------------+----------------------+-----
Fighting       | 4 5 |  5.4
Maces & Flails | 1 2 4 5 6 |  6.0
Armour         | 1 2 3 4 |  4.2
Dodging        | 3 |  3.2
Stealth        | 2 |  2.0
Axes           | |  4.3

Action                   |  1- 3 |  4- 6 |  7- 9 || total
-------------------------+-------+-------+-------++-------
Melee: Mace              |    86 |   244 |    62 ||   392
       Punch             |       |     3 |       ||     3
       Headbutt          |       |     5 |    19 ||    24
Evoke: Wand              |       |       |     1 ||     1
  Use: Scroll            |     3 |     6 |     2 ||    11
       Potion            |     1 |     3 |     1 ||     5
Armor: Robe              |     6 |       |       ||     6
       Chain mail        |    48 |   255 |    46 ||   349
Dodge: Dodged            |    54 |   143 |    37 ||   234
